 Dungeon Crawl Stone Soup version 0.18.1-48-g4cf74bf (webtiles) character file.

143583 Charly the Imperceptible (level 15, -4/75 HPs)
             Began as a Spriggan Enchanter on Sept 2, 2016.
             Was the Champion of Ashenzari.
             Killed from afar by a deep elf elementalist (44 damage)
             ... with a fireball
             ... on level 5 of the Vaults on Sept 3, 2016.
             The game lasted 05:19:45 (8967 turns).

Charly the Imperceptible (Spriggan Enchanter)       Turns: 8967, Time: 05:19:46

Health: -4/75      AC: 12    Str:  6    XL:     15   Next: 75%
Magic:  26/40      EV: 32    Int: 20    God:    Ashenzari [******]
Gold:   338        SH: 10    Dex: 18    Spells: 9 memorised, 1 level left

rFire  . . .     SeeInvis +     a - +3 dagger (elec) (curse)
rCold  + . .     Gourm    .     s - +1 troll leather armour (curse)
rNeg   . . .     Faith    .     K - +0 buckler {rC+} (curse)
rPois  .         Spirit   .     (helmet restricted)
rElec  .         Dismiss  .     L - +1 cloak {MR+} (curse)
rCorr  .         Reflect  +     (gloves unavailable)
SustAt .         Harm     .     (boots unavailable)
MR     +++..     Clarity  +     E - +2 amulet of reflection (curse)
Stlth  +++++++++.               x - +5 ring of protection (curse)
                                B - ring of magical power

@: scrying, darkness, very slightly contaminated, hasted, deflect missiles,
invisible, very quick, extremely resistant to hostile enchantments, incredibly
stealthy
A: unfitting armour, see invisible, herbivore 3, speed 3, slow metabolism 2
a: Curse Item, Scrying, Transfer Knowledge, Renounce Religion
}: 3/15 runes: barnacled, silver, gossamer


You were on level 5 of the Vaults.
You worshipped Ashenzari.
Ashenzari was exalted by your worship.
You were full.

You visited 7 branches of the dungeon, and saw 39 of its levels.
You visited 1 bazaar.
You also visited: Labyrinth and Bailey.

You collected 1319 gold pieces.
You spent 981 gold pieces at shops.

Inventory:

Hand Weapons
 a - a cursed +3 dagger of electrocution (weapon)
Armour
 s - a cursed +1 troll leather armour (worn)
 K - a cursed +0 buckler of cold resistance (worn)
 L - a cursed +1 cloak of magic resistance (worn)
Jewellery
 c - an uncursed ring of protection from cold
 f - an uncursed ring of fire
 n - an uncursed ring of positive energy
 p - an uncursed ring of poison resistance
 w - an uncursed ring of wizardry
 x - a cursed +5 ring of protection (right hand)
 B - a ring of magical power (left hand)
 E - a cursed +2 amulet of reflection (around neck)
Wands
 d - a wand of digging (4/24)
 k - a wand of disintegration (11/24)
Scrolls
 b - a scroll of fog
 v - a scroll of teleportation
 z - a scroll of recharging
 F - 2 scrolls of magic mapping
 M - 3 scrolls of remove curse
 X - a scroll of immolation
Potions
 e - 9 potions of curing
 g - 4 potions of heal wounds
 i - 6 potions of brilliance
 m - 2 potions of cure mutation {mut/exp}
 q - 5 potions of agility
 r - 3 potions of magic
 t - a potion of lignification {unknown}
 u - a potion of beneficial mutation {unknown}
 C - 4 potions of cancellation
 G - 2 potions of might {unknown}
 J - a potion of experience {unknown}
 P - a potion of resistance {unknown}
 Q - 3 potions of ambrosia
 T - a potion of flight
Books
 o - a book of Summonings

   Spells                             Type                      Level
   a - Recall                         Summoning/Translocation      3
   b - Aura of Abjuration             Summoning                    5
   c - Summon Demon                   Summoning                    5
   d - Summon Forest                  Summoning/Translocation      5
   e - Summon Mana Viper              Hexes/Summoning              5
   f - Shadow Creatures               Summoning                    6
 A - a book of Geomancy

   Spells                             Type                      Level
   a - Sandblast                      Earth                        1
   b - Passwall                       Transmutation/Earth          2
   c - Stone Arrow                    Conjuration/Earth            3
   d - Petrify                        Transmutation/Earth          4
   e - Lee's Rapid Deconstruction     Earth                        5
 Z - a book of the Earth

   Spells                             Type                      Level
   a - Leda's Liquefaction            Hexes/Earth                  4
   b - Bolt of Magma                  Conjuration/Fire/Earth       5
   c - Statue Form                    Transmutation/Earth          6
   d - Iron Shot                      Conjuration/Earth            6
   e - Shatter                        Earth                        9
Miscellaneous
 y - an ornate deck of changes {drawn: 3}
 I - a stone of tremors
 N - a phial of floods
Comestibles
 h - a royal jelly
 D - 11 bread rations
 R - 3 fruits


   Skills:
 + Level 7.1 Fighting
 - Level 5.1(9.6) Short Blades
 - Level 2.1 Armour
 + Level 16.0(18.5) Dodging
 + Level 21.4(23.6) Stealth
 - Level 3.0(5.6) Shields
 - Level 11.4 Spellcasting
 - Level 13.2(15.8) Hexes
 - Level 13.8(16.4) Charms
 - Level 1.7(3.8) Summonings
 - Level 3.1(5.7) Transmutations
 - Level 4.1(6.9) Air Magic
 - Level 2.0(4.3) Earth Magic


You had one spell level left.
You knew the following spells:

 Your Spells              Type           Power        Failure   Level  Hunger
c - Confuse               Hex            ######..     1%          3    None
d - Deflect Missiles      Chrm/Air       ######....   14%         6    ######.
h - Haste                 Chrm           ######..     1%          6    ######.
p - Passwall              Trmt/Erth      ####......   1%          2    None
s - Dazzling Spray        Conj/Hex       #####.       1%          3    None
w - Spectral Weapon       Hex/Chrm       ######..     1%          3    None
B - Summon Butterflies    Summ           ####....     1%          1    None
D - Darkness              Hex            ######....   2%          6    ######.
Q - Silence               Hex/Air        ######....   2%          5    ####...


Dungeon Overview and Level Annotations

Branches:
Dungeon (15/15)            Temple (1/1) D:4            Lair (8/8) D:9
 Shoals (4/4) Lair:5       Spider (4/4) Lair:3          Orc (2/2) D:11
 Vaults (5/5) D:13
  Slime: Lair:6-8       Elf: Orc:2        Crypt: Vaults:2-3  Depths: D:15

Altars:
Ashenzari
Dithmenos
Fedhas
Qazlal
Sif Muna
Trog
Vehumet
Xom
The Shining One

Shops:
D:4 *   D:11 [?   Orc:1 !   Vaults:1 (

Annotations:
D:2 exclusion: upstairs
D:3 exclusion: upstairs
D:4 exclusions: downstairs and upstairs
D:5 exclusion: upstairs, Dowan, Duvessa
D:6 exclusion: upstairs
D:7 exclusion: upstairs
D:8 exclusions: statue and upstairs
D:9 exclusion: upstairs
D:10 exclusion: upstairs
D:12 Sonja
Lair:1 gloryseeker's ghost, journeyman KoAM
Shoals:4 Allar's ghost, adept DECj; Charly's ghost, adept KoAs
Vaults:4 Aizul


Innate Abilities, Weirdness & Mutations

You are tiny and cannot use many weapons and most armour.
You have supernaturally acute eyesight.
You are a herbivore.
You cover ground extremely quickly.
You need consume almost no food.


Message History

The stone giant is moderately wounded.
The stone giant hits your spectral weapon!!
Your spectral weapon shares its damage with you!
Your spectral weapon hits the stone giant but does no damage.
Unknown command.
You strike the helpless stone giant from behind!
You skewer the stone giant like a kebab!!!
There is a sudden explosion of sparks!
You kill the stone giant!
Your base Dodging skill increases to level 16!
Unknown command.
Things that are here:
3 large rocks; a silver rune of Zot You pick up the silver rune and feel its power. 3 runes!
That's enough to enter the realm of Zot.
Press } to see all the runes you have collected.
The deep elf elementalist gestures at you while chanting.
The fireball explodes!
The fireball engulfs you!
Ouch! That really hurt!
You die...

#..#..##...#####.#####...##C.#...
#..#..#...##.........##...#..#...
#..#..#..##.......Q...##..#..#...
#..##..{.#...###(###...#....##...
#..##.{.##..##.....##..##...##...
#..##{.##...#.......#..D##.C##o..
#..#({.#...##..$|(..##..{#...#..{
#..#.{##..##c.([()(..##..##..#.,{
#..#..{.{.....e.@$?.....{.Z.p#.{{
#..#..##..##...%).=..##..##Z.#
#..#[..#.c.##...%[..##..,#Z{.# ,,
#..##..##...#.......#..,##Z.##,,∆
#..##./.##..##.....##..*#...#* *,
, , * ..###.###.. #....#* ,, ,*,
* , , ,,, *#.....#, , *, ,, ,
,,,,,, *......# , *, *
*,*****.......#,,


You could see a deep elf elementalist, a yaktaur and a friendly spectral dagger
of electrocution.

Vanquished Creatures
  A sphinx (Vaults:4)
  Agnes (D:14)
  Maud (Lair:4)
  A ghost moth (Spider:1)
  2 vault wardens
  2 emperor scorpions (Spider:4)
  Louise (D:14)
  4 ironheart preservers
  3 stone giants
  A spark wasp (Spider:4)
  3 ettins
  2 deep elf death magi (Vaults:4)
  3 merfolk javelineers (Shoals:4)
  A vault guard (Vaults:2)
  2 yaktaur captains
  A minotaur (Lab)
  A great orb of eyes (Vaults:4)
  A fire dragon (Vaults:2)
  4 ogre magi
  4 merfolk impalers (Shoals:4)
  An ice dragon (Lair:4)
  A ghost crab (shapeshifter) (Vaults:5)
  A merfolk aquamancer (Shoals:4)
  3 centaur warriors
  An alligator snapping turtle (Shoals:4)
  A death knight (D:15)
  The ghost of Thomus the Cleaver, a novice HOFi of Okawaru (Bailey)
  4 deep elf knights
  A fire crab (Vaults:3)
  A shadow wraith (Vaults:4)
  6 deep trolls
  An unseen horror (D:12)
  4 sea snakes
  3 deep elf archers
  A phantasmal warrior (D:15)
  3 hill giants
  6 harpies
  5 orc knights
  An ironbrand convoker (Vaults:5)
  12 orb spiders
  8 ugly things
  7 wolf spiders
  5 deep elf magi
  An orc sorcerer (Orc:1)
  2 griffons
  3 cyclopes
  5 manticores
  A water nymph (Shoals:4)
  A siren (Shoals:4)
  A torpor snail (Spider:4)
  3 spiny frogs
  A vault sentinel (Vaults:2)
  A rime drake (Lair:7)
  5 yaktaurs
  A yaktaur (shapeshifter) (Vaults:4)
  5 demonic crawlers
  A komodo dragon (Lair:7)
  A tengu conjurer (D:15)
  8 jumping spiders
  3 merfolk
  A slime creature (D:15)
  3 trolls
  4 two-headed ogres
  A boulder beetle (Vaults:3)
  9 tarantellas
  A vampire (D:13)
  A centaur simulacrum (D:14)
  2 wraiths
  2 water elementals (Shoals:4)
  2 shadows
  A basilisk (shapeshifter) (Vaults:1)
  14 redbacks
  11 yaks
  2 hippogriffs
  A hungry ghost (D:9)
  2 vampire mosquitoes (D:12)
  A soldier ant (shapeshifter) (Vaults:4)
  6 water moccasins
  A porcupine (Lair:2)
  2 ice beasts
  An eye of draining (D:10)
  A wasp (D:12)
  9 orc warriors
  2 black bears (D:6)
  A phantom (D:11)
  A sky beast (D:9)
  12 ogres
  5 wolves (Lair:5)
  A centaur (D:9)
  5 crocodiles
  2 big kobolds
  6 giant frogs
  5 killer bees
  A troll zombie (D:11)
  A wight (D:14)
  A howler monkey (D:5)
  4 crimson imps
  A giant frog zombie (D:5)
  A quasit (D:9)
  A giant frog skeleton (D:7)
  3 hounds
  4 orc priests
  8 orc wizards
  3 iguanas
  5 worker ants
  4 sheep
  An ogre zombie (D:11)
  A hound skeleton (D:10)
  2 gnolls (Bailey)
  An adder (D:7)
  9 river rats
  2 shadow imps
  3 white imps (Lair:4)
  An ooze (D:6)
  3 giant geckos
  27 orcs
  A giant cockroach (D:3)
  A hobgoblin (Bailey)
  3 jackals (D:5)
  2 quokkas
  A ball python (D:8)
  3 goblins
  A hobgoblin skeleton (D:11)
  A hobgoblin zombie (D:11)
  21 kobolds
  2 orc skeletons (D:11)
  2 orc zombies (D:11)
  A quokka zombie (D:9)
  2 crawling corpses (Vaults:4)
  A fungus (D:9)
406 creatures vanquished.

Vanquished Creatures (collateral kills)
  3 jumping spiders (Spider:1)
  5 redbacks
8 creatures vanquished.

Vanquished Creatures (others)
  A yaktaur (Vaults:1)
  A merfolk (Lair:5)
  A tarantella (Spider:4)
  A sheep (Lair:5)
  2 fungi
  3 plants
  A spectral weapon (Vaults:4)
10 creatures vanquished.

Grand Total: 424 creatures vanquished

Notes
Turn   | Place    | Note
--------------------------------------------------------------
     0 | D:1      | Charly the Spriggan Enchanter began the quest for the Orb.
     0 | D:1      | Reached XP level 1. HP: 9/9 MP: 5/5
    18 | D:1      | RING D1 -> FLY/APPO
   162 | D:4      | Found a staircase to the Ecumenical Temple.
   180 | Temple   | Entered the Ecumenical Temple
   205 | Temple   | Became a worshipper of Ashenzari the Shackled
   332 | D:5      | Entered Level 5 of the Dungeon
   450 | D:4      | Found Baipiy's Assorted Antiques.
   459 | D:4      | Bought a metallic sapphire potion for 29 gold pieces
   489 | D:5      | Reached skill level 5 in Stealth
   489 | D:5      | Reached XP level 2. HP: 11/13 MP: 4/6
   489 | D:5      | Reached XP level 3. HP: 14/16 MP: 5/8
   494 | D:5      | Learned a level 3 spell: Confuse
   497 | D:5      | Learned a level 2 spell: Ensorcelled Hibernation
   561 | D:5      | Found a shimmering altar of Xom.
   570 | D:5      | Reached skill level 6 in Stealth
   570 | D:5      | Reached skill level 5 in Hexes
   570 | D:5      | Reached XP level 4. HP: 21/21 MP: 9/9
   574 | D:5      | Noticed Duvessa
   574 | D:5      | Noticed Dowan
   684 | D:6      | Found a bloodstained altar of Trog.
   684 | D:6      | Reached * piety under Ashenzari
   684 | D:6      | Noticed a black bear
   707 | D:6      | Noticed a black bear
   731 | D:6      | Killed a black bear
   731 | D:6      | Reached skill level 7 in Stealth
   731 | D:6      | Reached XP level 5. HP: 21/24 MP: 4/10
   764 | D:6      | Noticed a centaur
   851 | D:6      | Reached XP level 6. HP: 28/28 MP: 0/12
   856 | D:6      | Learned a level 3 spell: Dazzling Spray
   877 | D:6      | Reached skill level 8 in Stealth
   958 | D:6      | POT ->D6
  1110 | D:8      | Reached skill level 9 in Stealth
  1110 | D:8      | Reached XP level 7. HP: 20/32 MP: 0/13
  1548 | D:8      | Found a glowing golden altar of the Shining One.
  1592 | D:8      | Found a radiant altar of Vehumet.
  1634 | D:9      | Reached skill level 10 in Stealth
  1670 | D:9      | Found a stormy altar of Qazlal.
  1676 | D:9      | Reached ** piety under Ashenzari
  1678 | D:9      | Found a staircase to the Lair.
  1695 | D:9      | Noticed a hungry ghost
  1709 | D:9      | Killed a hungry ghost
  1709 | D:9      | Reached XP level 8. HP: 36/36 MP: 1/15
  1730 | D:10     | Entered Level 10 of the Dungeon
  1764 | D:9      | Reached skill level 11 in Stealth
  1868 | D:11     | Found Fuhoqud's Magic Scroll Boutique.
  1923 | D:11     | Noticed a hill giant
  1991 | D:12     | Noticed a deep elf mage
  2008 | D:12     | Killed a deep elf mage
  2008 | D:12     | Reached skill level 12 in Stealth
  2008 | D:12     | Reached skill level 5 in Spellcasting
  2113 | D:11     | Found Nemampun's Armour Shop.
  2128 | D:12     | Found a flagged portal.
  2140 | D:12     | Noticed Sonja
  2141 | D:12     | Noticed an unseen horror
  2148 | D:12     | Reached XP level 9. HP: 39/39 MP: 18/18
  2153 | Bailey   | Entered a bailey
  2158 | Bailey   | Noticed an orc warlord
  2177 | Bailey   | Noticed Thomus's ghost (novice HOFi)
  2217 | Bailey   | Killed Thomus's ghost
  2217 | Bailey   | Reached skill level 13 in Stealth
  2217 | Bailey   | Reached skill level 10 in Hexes
  2248 | Bailey   | Found a runed gate.
  2262 | Bailey   | Found a runed gate.
  2264 | Bailey   | Found a runed gate.
  2289 | Bailey   | Reached skill level 14 in Stealth
  2366 | D:12     | Killed an unseen horror
  2367 | D:12     | SONA->DIST->D12
  2424 | D:11     | Reached skill level 15 in Stealth
  2470 | D:11     | Noticed a cyclops
  2475 | D:11     | Learned a level 2 spell: Passwall
  2522 | D:11     | Learned a level 1 spell: Summon Butterflies
  2529 | D:11     | Learned a level 6 spell: Darkness
  2561 | D:11     | Reached XP level 10. HP: 44/44 MP: 4/22
  2649 | D:11     | Found a staircase to the Orcish Mines.
  2705 | Orc:1    | Entered Level 1 of the Orcish Mines
  2768 | Orc:2    | Entered Level 2 of the Orcish Mines
  2794 | Orc:1    | Noticed an orc sorcerer
  2804 | Orc:1    | Killed an orc sorcerer
  2804 | Orc:1    | Reached skill level 16 in Stealth
  2824 | Orc:1    | Reached *** piety under Ashenzari
  2850 | Orc:1    | Found Ziolijou's Distillery.
  2972 | Orc:1    | Reached skill level 1 in Fighting
  3017 | Orc:1    | Reached skill level 1 in Shields
  3159 | Orc:2    | Noticed an orc high priest
  3159 | Orc:2    | Noticed an orc sorcerer
  3264 | D:11     | Noticed a hill giant
  3294 | D:11     | Bought a +0 buckler of cold resistance for 184 gold pieces
  3294 | D:11     | Bought a +1 cloak of magic resistance for 264 gold pieces
  3326 | D:11     | Killed a hill giant
  3388 | D:10     | Reached skill level 5 in Dodging
  3444 | D:9      | 1!
  3495 | Lair:1   | Entered Level 1 of the Lair of Beasts
  3533 | Lair:1   | Noticed gloryseeker's ghost (journeyman KoAM)
  3543 | Lair:2   | Noticed a spiny frog
  3550 | Lair:2   | Killed a spiny frog
  3561 | Lair:2   | Reached XP level 11. HP: 49/51 MP: 8/24
  3581 | Lair:3   | Noticed a seven-headed hydra
  3779 | Lair:3   | SZPIDER -> L3
  3872 | Lair:5   | Reached **** piety under Ashenzari
  3917 | Lair:4   | Identified a scroll of acquirement
  3963 | Lair:4   | Noticed Maud
  4018 | Lair:4   | Noticed an ice dragon
  4037 | Lair:4   | Killed an ice dragon
  4037 | Lair:4   | Reached skill level 5 in Short Blades
  4056 | Lair:4   | 12ac/38%
  4200 | Lair:6   | Identified the +5 glaive of Zin's Righteous Anger {chop, Str+7}
  4358 | Lair:8   | Entered Level 8 of the Lair of Beasts
  4377 | Lair:8   | Reached skill level 1 in Armour
  4384 | Lair:8   | 12ac/17%
  4540 | Lair:5   | Found a staircase to the Shoals.
  4542 | Shoals:1 | Entered Level 1 of the Shoals
  4542 | Shoals:1 | Noticed a griffon
  4542 | Shoals:1 | Noticed a harpy
  4542 | Shoals:1 | Noticed a harpy
  4542 | Shoals:1 | Noticed a harpy
  4542 | Shoals:1 | Noticed a harpy
  4549 | Shoals:1 | Noticed a sea snake
  4561 | Shoals:1 | Reached ***** piety under Ashenzari
  4585 | Shoals:1 | Noticed a sea snake
  4587 | Shoals:2 | Noticed a merfolk avatar
  4596 | Shoals:2 | Noticed a sea snake
  4617 | Shoals:2 | Killed a sea snake
  4642 | Shoals:2 | Noticed a harpy
  4642 | Shoals:2 | Noticed a harpy
  4655 | Shoals:2 | Noticed a griffon
  4695 | Shoals:2 | Identified the cursed +2 falchion "Elos" {freeze, rElec rPois}
  4697 | Shoals:2 | Noticed a kraken
  4775 | Shoals:1 | Noticed a harpy
  4780 | Shoals:1 | Noticed a sea snake
  4784 | Shoals:1 | Found a flickering gateway to a bazaar.
  4786 | Shoals:1 | Killed a sea snake
  4786 | Shoals:1 | Reached skill level 17 in Stealth
  4797 | Shoals:1 | Noticed a harpy
  4805 | Bazaar   | Entered a bazaar
  4805 | Bazaar   | Found Yxtetubb's Weapon Shop.
  4805 | Bazaar   | Found Rytun's Armour Boutique.
  4805 | Bazaar   | Found Pig Lud's Distillery.
  4806 | Bazaar   | Found Xaschof's Distillery.
  4806 | Bazaar   | Found Nur Xoep's Assorted Antiques.
  4829 | Bazaar   | Bought a potion of haste for 80 gold pieces
  4829 | Bazaar   | Bought a potion of flight for 24 gold pieces
  4829 | Bazaar   | Bought a potion of curing for 24 gold pieces
  4829 | Bazaar   | Bought a potion of invisibility for 64 gold pieces
  4829 | Bazaar   | Bought a potion of heal wounds for 40 gold pieces
  4829 | Bazaar   | Bought a potion of heal wounds for 40 gold pieces
  4835 | Bazaar   | Bought a potion of cancellation for 112 gold pieces
  4835 | Bazaar   | Bought 2 potions of flight for 84 gold pieces
  4837 | Bazaar   | Bought a black potion for 18 gold pieces
  4837 | Bazaar   | Bought a smoky orange potion for 18 gold pieces
  4873 | Shoals:2 | Noticed a griffon
  4898 | Shoals:2 | Killed a griffon
  4905 | Shoals:2 | Noticed a harpy
  4905 | Shoals:2 | Noticed a harpy
  4908 | Shoals:2 | Noticed a harpy
  4919 | Shoals:2 | Noticed a harpy
  4939 | Shoals:2 | Killed a harpy
  4939 | Shoals:2 | Reached skill level 10 in Dodging
  4944 | Shoals:2 | Killed a harpy
  4944 | Shoals:2 | Reached XP level 12. HP: 56/56 MP: 2/25
  5048 | Shoals:2 | Noticed a merfolk aquamancer
  5132 | Shoals:4 | Entered Level 4 of the Shoals
  5172 | Shoals:4 | Noticed a merfolk javelineer
  5202 | Shoals:4 | Noticed a satyr
  5208 | Shoals:4 | Noticed an alligator snapping turtle
  5216 | Shoals:4 | Killed an alligator snapping turtle
  5217 | Shoals:4 | Noticed a merfolk aquamancer
  5232 | Shoals:4 | Noticed a merfolk avatar
  5262 | Shoals:4 | Noticed a merfolk impaler
  5271 | Shoals:4 | Noticed a merfolk impaler
  5302 | Shoals:4 | Reached skill level 18 in Stealth
  5354 | Shoals:4 | Noticed Charly's ghost (adept KoAs)
  5375 | Shoals:4 | Noticed a merfolk impaler
  5375 | Shoals:4 | Noticed a merfolk impaler
  5375 | Shoals:4 | Noticed a merfolk aquamancer
  5375 | Shoals:4 | Noticed a merfolk impaler
  5375 | Shoals:4 | Noticed a merfolk impaler
  5375 | Shoals:4 | Noticed a merfolk javelineer
  5375 | Shoals:4 | Noticed a merfolk javelineer
  5375 | Shoals:4 | Noticed a merfolk javelineer
  5375 | Shoals:4 | Noticed a merfolk impaler
  5397 | Shoals:4 | Killed a merfolk impaler
  5399 | Shoals:4 | Killed a merfolk javelineer
  5402 | Shoals:4 | Killed a merfolk impaler
  5406 | Shoals:4 | Killed a merfolk aquamancer
  5408 | Shoals:4 | Killed a merfolk impaler
  5408 | Shoals:4 | Reached skill level 1 in Summonings
  5410 | Shoals:4 | Noticed an alligator snapping turtle
  5411 | Shoals:4 | Killed a merfolk javelineer
  5412 | Shoals:4 | Killed a merfolk javelineer
  5412 | Shoals:4 | Reached skill level 19 in Stealth
  5412 | Shoals:4 | Reached skill level 1 in Transmutations
  5417 | Shoals:4 | Killed a merfolk impaler
  5417 | Shoals:4 | Reached skill level 1 in Earth Magic
  5417 | Shoals:4 | Reached XP level 13. HP: 60/60 MP: 6/26
  5421 | Shoals:4 | Noticed Allar's ghost (adept DECj)
  5513 | Shoals:4 | Got a barnacled rune of Zot
  5544 | Shoals:4 | Noticed a merfolk javelineer
  5706 | Lair:6   | SLIME -> L6
  5733 | Lair:4   | Killed Maud
  5748 | Lair:3   | Learned a level 6 spell: Deflect Missiles
  5788 | Lair:3   | Found a hole to the Spider Nest.
  5794 | Spider:1 | Entered Level 1 of the Spider Nest
  5823 | Spider:1 | Noticed a ghost moth
  5863 | Spider:1 | Killed a ghost moth
  5863 | Spider:1 | Reached skill level 1 in Air Magic
  5896 | Spider:1 | Reached skill level 5 in Charms
  6140 | Spider:3 | Learned a level 5 spell: Silence
  6192 | Spider:4 | Entered Level 4 of the Spider Nest
  6269 | Spider:4 | Reached skill level 10 in Charms
  6317 | Spider:4 | Reached ****** piety under Ashenzari
  6407 | Spider:4 | Noticed an emperor scorpion
  6413 | Spider:4 | Killed an emperor scorpion
  6469 | Spider:4 | Noticed a spark wasp
  6537 | Spider:4 | Noticed a ghost moth
  6719 | Spider:4 | Killed a spark wasp
  6719 | Spider:4 | Reached XP level 14. HP: 49/65 MP: 1/27
  6814 | Spider:4 | Noticed an emperor scorpion
  6826 | Spider:4 | Noticed an emperor scorpion
  6847 | Spider:4 | Killed an emperor scorpion
  6867 | Spider:4 | Noticed a ghost moth
  6869 | Spider:4 | Noticed an emperor scorpion
  6869 | Spider:4 | Noticed an emperor scorpion
  6877 | Spider:4 | Noticed an emperor scorpion
  6885 | Spider:4 | Got a gossamer rune of Zot
  7202 | D:14     | Noticed Agnes
  7206 | D:14     | Killed Agnes
  7315 | D:14     | Noticed Louise
  7319 | D:14     | Killed Louise
  7368 | D:15     | Entered Level 15 of the Dungeon
  7466 | D:15     | Found a labyrinth entrance.
  7471 | Lab      | Entered a labyrinth
  7621 | Lab      | Identified the Almanac of Assistive Moulding (You found it in a labyrinth)
  7757 | D:13     | Found a gate to the Vaults.
  7780 | Vaults:1 | Entered Level 1 of the Vaults
  7780 | Vaults:1 | Noticed a vault warden
  7802 | Vaults:1 | Noticed a vault warden
  7858 | Vaults:1 | Learned a level 6 spell: Haste
  7876 | Vaults:1 | Reached skill level 10 in Spellcasting
  7880 | Vaults:2 | Noticed a vault warden
  7880 | Vaults:2 | Noticed an ironheart preserver
  7881 | Vaults:2 | Killed an ironheart preserver
  7883 | Vaults:2 | Killed a vault warden
  7958 | Vaults:1 | Found Wyifok's Weapon Boutique.
  7969 | Vaults:1 | Noticed a tengu reaver
  7972 | Vaults:1 | Killed a vault warden
  8002 | Vaults:1 | Learned a level 3 spell: Spectral Weapon
  8036 | Vaults:2 | Reached skill level 20 in Stealth
  8049 | Vaults:2 | Reached skill level 5 in Fighting
  8053 | Vaults:2 | Reached XP level 15. HP: 72/72 MP: 30/31
  8162 | Vaults:3 | Noticed a tentacled monstrosity
  8348 | Vaults:4 | Noticed a sphinx
  8352 | Vaults:4 | Killed a sphinx
  8405 | Vaults:4 | Reached skill level 15 in Dodging
  8573 | Vaults:4 | Reached skill level 21 in Stealth
  8576 | Vaults:4 | Noticed a vault warden
  8704 | Vaults:4 | Noticed a lich
  8741 | Vaults:4 | Noticed Aizul
  8819 | Vaults:5 | Entered Level 5 of the Vaults
  8819 | Vaults:5 | Noticed a storm dragon
  8819 | Vaults:5 | Noticed a quicksilver dragon
  8819 | Vaults:5 | Noticed a titan
  8819 | Vaults:5 | Noticed a deep elf sorcerer
  8819 | Vaults:5 | Noticed a titan
  8819 | Vaults:5 | Noticed a vault warden
  8847 | Vaults:5 | Noticed a shadow dragon
  8870 | Vaults:5 | Noticed a vault warden
  8881 | Vaults:5 | Noticed a tengu reaver
  8882 | Vaults:5 | Noticed a quicksilver dragon
  8909 | Vaults:5 | Noticed a titan
  8967 | Vaults:5 | Got a silver rune of Zot
  8967 | Vaults:5 | Killed from afar by a deep elf elementalist

Skill      XL: |  1  2  3  4  5  6  7  8  9 10 11 12 13 14 15 |
---------------+----------------------------------------------+-----
Stealth        | 5 6 7 9 10 12 15 16 17 19 20 21 | 21.4
Hexes          | 4 5 6 7 8 9 10 11 13 | 13.2
Spellcasting   | 3 4 5 7 8 11 | 11.4
Fighting       | 2 3 5 7 |  7.1
Dodging        | 5 10 12 13 14 16 | 16.0
Shields        | 2 3 |  3.0
Short Blades   | 3 5 |  5.1
Armour         | 2 |  2.1
Summonings     | 1 |  1.7
Transmutations | 1 3 |  3.1
Earth Magic    | 1 2 |  2.0
Charms         | 12 13 | 13.8
Air Magic      | 3 4 |  4.1

Action                   |  1- 3 |  4- 6 |  7- 9 | 10-12 | 13-15 || total
-------------------------+-------+-------+-------+-------+-------++-------
Melee: Dagger            |    17 |    85 |   116 |   271 |   490 ||   979
Throw: Throwing net      |       |       |       |     3 |       ||     3
 Cast: Corona            |     3 |     8 |     3 |       |       ||    14
       Ensorcelled Hiber |       |    10 |     6 |    10 |    18 ||    44
       Confuse           |       |     6 |    16 |    33 |    67 ||   122
       Dazzling Spray    |       |     2 |    27 |    53 |    68 ||   150
       Passwall          |       |       |     2 |     9 |    15 ||    26
       Darkness          |       |       |       |     7 |     7 ||    14
       Deflect Missiles  |       |       |       |       |     1 ||     1
       Spectral Weapon   |       |       |       |       |     4 ||     4
       Haste             |       |       |       |       |     2 ||     2
       Summon Butterflie |       |       |       |       |     1 ||     1
Invok: Curse Item        |     2 |     1 |     1 |     4 |       ||     8
       Scrying           |       |       |       |     5 |     4 ||     9
Evoke: Wand              |     1 |     7 |    11 |       |    14 ||    33
       Phial of floods   |       |       |     1 |       |     1 ||     2
       Deck              |       |       |       |     2 |     1 ||     3
       Stone of tremors  |       |       |       |       |     1 ||     1
  Use: Scroll            |       |     1 |     9 |    19 |     7 ||    36
       Potion            |       |       |       |     4 |    10 ||    14
 Stab: Sleeping          |     4 |    10 |    25 |    56 |    76 ||   171
       Confused          |       |     3 |     8 |    18 |    36 ||    65
       Invisible         |       |     2 |     6 |    27 |    35 ||    70
       Distracted        |       |       |     1 |     3 |     7 ||    11
       Held in net/web   |       |       |       |     2 |       ||     2
  Eat: Bread ration      |       |       |     1 |       |       ||     1
       Fruit             |       |       |       |     1 |    12 ||    13
       Royal jelly       |       |       |       |     1 |     1 ||     2
       Pizza             |       |       |       |     1 |       ||     1
Armor: Robe              |       |    13 |    23 |    13 |       ||    49
       Troll leather arm |       |       |       |    11 |    24 ||    35
Dodge: Dodged            |    12 |    69 |    96 |   109 |   301 ||   587
       Deflected         |       |       |       |       |     9 ||     9
Block: Buckler           |       |       |    27 |    64 |   169 ||   260
       Reflection        |       |       |    13 |     5 |    14 ||    32
